 Dungeon Crawl Stone Soup version 0.30-a0-556-g0a0f5a245f (webtiles) character file.

Game seed: 18165229555337530283

59 M4edhros the Charlatan (level 4, 0/28 HPs)
             Began as an Octopode Artificer on Dec 27, 2022.
             Slain by a goblin
             ... wielding a +0 dagger
             ... led by Robin
              (6 damage)
             ... on level 2 of the Dungeon.
             The game lasted 00:01:38 (1050 turns).

M4edhros the Charlatan (Octopode Artificer)         Turns: 1050, Time: 00:01:38

Health: 0/28       AC:  1    Str: 11    XL:     4   Next: 3%
Magic:  4/4        EV: 11    Int: 13    God:
Gold:   61         SH:  9    Dex: 14    Spells: 3/3 levels left

rFire   . . .      SeeInvis .      - Unarmed
rCold   . . .      Faith    .    h - +2 kite shield
rNeg    . . .      Spirit   .    (helmet restricted)
rPois   .          Reflect  .    (no amulet)
rElec   .          Harm     .    (no ring)
rCorr   .          Rampage  .    (no ring)
Will    .....                    (no ring)
Stlth   +++                      (no ring)
HPRegen 0.24/turn                (no ring)
MPRegen 0.09/turn                (no ring)
                                 (no ring)
                                 (no ring)

@: no status effects
A: almost no armour, amphibious, 8 rings, camouflage 1, gelatinous body 1,
(nimble swimmer 1), tentacles
a: no special abilities


You were on level 2 of the Dungeon.
You visited 1 branch of the dungeon, and saw 2 of its levels.

You collected 61 gold pieces.

Inventory:

Armour
 h - a +2 kite shield (worn)
Wands
 b - a wand of flame (13) (quivered)
 c - a wand of charming (12)
 d - a wand of iceblast (5)
Scrolls
 a - a scroll of fog {unknown}
 f - a scroll of vulnerability {unknown}
 j - a scroll of teleportation {unknown}
 l - a scroll of brand weapon {unknown}
Potions
 e - 2 potions of might {unknown}
 g - a potion of flight {unknown}
 i - a potion of invisibility {unknown}
 k - a potion of lignification {unknown}


   Skills:
 + Level 1.5 Fighting
 + Level 2.5 Dodging
 + Level 2.2 Stealth
 * Level 1.3 Shields
 * Level 1.6 Unarmed Combat
 + Level 3.6 Evocations


You had 3 spell levels left.
You didn't know any spells.
Your spell library contained the following spells:

 Spells                   Type           Power      Damage    Failure   Level
 Apportation              Tloc           0%         N/A       71%         1
 Beastly Appendage        Tmut           0%         N/A       71%         1
 Necrotise                Necr           0%         1d4       71%         1
 Summon Small Mammal      Summ           0%         N/A       71%         1
 Wereblood                Tmut           0%         N/A       85%         2
 Mephitic Cloud           Conj/Pois/Air  0%         N/A       97%         3
 Spider Form              Tmut/Pois      0%         N/A       97%         3
 Airstrike                Air            0%         2d(0-16)  100%        4
 Summon Lightning Spire   Summ/Air       0%         N/A       100%        4
 Arcjolt                  Conj/Air       0%         1d10      100%        5


Dungeon Overview and Level Annotations

Branches:
Dungeon (2/15)

Altars:


Innate Abilities, Weirdness & Mutations

You cannot wear most types of armour.
You are amphibious.
You can wear up to eight rings at the same time.
Your skin changes colour to match your surroundings (Stealth+).
Your rubbery body absorbs attacks. (AC +1, EV +1)
((You are camouflaged when in or above water. (Stealth+)))
You have tentacles for arms and can constrict up to eight enemies at once.


Message History

You tentacle-slap the goblin but do no damage.
You grab the goblin. You constrict the goblin.
You hear a shout! x2
The goblin misses you.
The goblin escapes!
A hobgoblin comes into view.
The hobgoblin shouts!
You tentacle-slap the goblin.
You kill the goblin!
Robin barely misses you.
You barely miss Robin. Your grab misses Robin.
You tentacle-slap Robin but do no damage.
You grab Robin. You squeeze Robin.
Robin is moderately wounded.
You constrict Robin. The hobgoblin barely misses you. You block Robin's attack.
You tentacle-slap Robin but do no damage.
Robin is heavily wounded.
You constrict Robin. Robin hits you with a +2 spectral club.
You block the hobgoblin's attack.
A goblin comes into view. It is wielding a +0 dagger.
You tentacle-slap Robin but do no damage.
You squeeze Robin.
Robin is severely wounded.
You constrict Robin.
Robin's bangles clink loudly.
Robin roars a battlecry!
The goblins go into a battle-frenzy!
The hobgoblin hits you. The hobgoblin completely misses you.
Robin throws the goblin at you!
You tentacle-slap Robin but do no damage.
You squeeze Robin.
You kill Robin!
The hobgoblin hits you. You block the goblin's attack.
You have reached level 4!
Aiming: Charm
Press: ? - help, Shift-Dir - straight line, f - goblin
Aim: a goblin, wielding a +0 dagger (strong, chance to affect: 74%)
The goblin is charmed.
The hobgoblin hits you.
* * * LOW HITPOINT WARNING * * *
The goblin hits you with a +0 dagger.
You die... #.# #.### g.g

#...#### .g ...
#...##.. g. ....
#...##.# #g##
.[... #...##.#
#g.# ... #...##.+
+.g# #.##.##.g.#
#..#
#....##.#@#####..#
#....##.#ggg....<#
#.#...#..g.##.##.#
#....#####.##....#
#.#..#..<#.#######
#.##.....#.##
#...........#
#####....#..#
#........#


You could see 2 hobgoblins, 2 goblins and a friendly goblin (charmed, strong).

Vanquished Creatures
  Robin (D:2)
  4 dart slugs
  5 endoplasms (D:1)
  2 giant cockroaches (D:1)
  4 goblins
  9 hobgoblins (D:1)
  A kobold (D:1)
  A quokka (D:2)
  A ball python (D:1)
  3 bats (D:1)
  A frilled lizard (D:1)
  4 rats
36 creatures vanquished.

Vanquished Creatures (others)
  A hobgoblin (D:1)
1 creature vanquished.

Grand Total: 37 creatures vanquished

Notes
Turn   | Place    | Note
-------+----------+-------------------------------------------
     0 | D:1      | M4edhros the Octopode Artificer began the quest for the
                  | Orb.
     0 | D:1      | Reached XP level 1. HP: 13/13 MP: 1/1
    22 | D:1      | Got the Tome of Damaging Air
   232 | D:1      | Reached XP level 2. HP: 18/18 MP: 2/2
   392 | D:1      | Reached skill level 1 in Unarmed Combat
   602 | D:1      | Reached XP level 3. HP: 17/23 MP: 3/3
   645 | D:1      | Reached skill level 1 in Shields
   981 | D:2      | Noticed Robin
  1049 | D:2      | Killed Robin
  1050 | D:2      | Reached XP level 4. HP: 11/28 MP: 4/4
  1050 | D:2      | Slain by a goblin

Illustrated notes

Levels and vault maps discovered:
D:1:      evilmike_arrival_rings, layout_loops_ring, hex_tiny
D:2:      layout_basic, minmay_misc_feat_ornament, minmay_misc_feat_room,
          hangedman_abyss_or_decor_lesser_grid, minmay_crystal_water,
          grunt_decor_junction, minmay_pentomino_w4, uniq_robin

Skill      XL: |  1  2  3 |
---------------+----------+-----
Unarmed Combat | 1 |  1.6
Stealth        | 2 |  2.2
Shields        | 1 |  1.3
Fighting       | |  1.5
Dodging        | |  2.5
Evocations     | |  3.6

Action                   |  1- 3 |  4- 6 || total
-------------------------+-------+-------++-------
Melee: Unarmed           |    85 |       ||    85
       Constrict         |    24 |       ||    24
       Tentacles         |    23 |       ||    23
       Punch             |     1 |       ||     1
Evoke: Wand              |     4 |     1 ||     5
 Stab: Sleeping          |    12 |       ||    12
Armor: Skin              |     3 |       ||     3
Dodge: Dodged            |    18 |       ||    18
Block: Kite shield       |    32 |       ||    32

Table legend: (Time is in decaauts)
 A = Elapsed time spent in this place.
 B = Non-inter-level travel time spent in this place.
 C = Inter-level travel time spent in this place.
 D = Time resting spent in this place.
 E = Time spent auto-exploring this place.
 F = Levels seen in this place.
 G = Mean time per level.
                   A        B        C        D        E       F      G
               +--------+--------+--------+--------+--------+-----+--------+
         Total |   1063 |   1024 |     39 |     80 |    655 |   2 |  531.5 |
       Dungeon |   1063 |   1024 |     39 |     80 |    655 |   2 |  531.5 |
               +--------+--------+--------+--------+--------+-----+--------+

Top non-repeatable levels by time:
     D:1: 1019 daAuts
     D:2: 43 daAuts
